VEGAS Golden Knights vs ARIZONA Coyotes

Created - 17 mars 2024 at 14:00

Goals
1 2 3 T
VEGAS Golden Knights 2 1 0 3
ARIZONA Coyotes 3 1 1 5
Shots
1 2 3 T
VEGAS Golden Knights 6 8 13 27
ARIZONA Coyotes 7 11 10 28

1st period

1. VEGAS Golden Knights , Tomas Tatar 14 (Sebastian Aho 33, Adam Larsson 20) at 2:56
2. ARIZONA Coyotes , Brandon Sutter 5 (Alec Martinez 17, Nick Bonino 6) at 7:28
3. ARIZONA Coyotes , Auston Matthews 32 (Sam Reinhart 31, Alec Martinez 18) at 10:26
4. VEGAS Golden Knights , Jared McCann 23 (Sebastian Aho 34, Jordan Oesterle 6) at 14:26
5. ARIZONA Coyotes , Rickard Rakell 15 (Ryan Nugent-Hopkins 33, Alec Martinez 19) at 16:45

Penalties :
Colton Sissons (VGK) for Cross-checking (Minor) at 5:07

2nd period

6. VEGAS Golden Knights , Sebastian Aho 12 (Adam Larsson 21) at 2:37
7. ARIZONA Coyotes , Auston Matthews 33 (Vladislav Gavrikov 19) at 6:39

Penalties :
Ryan Nugent-Hopkins (ARI) for Cross-checking (Minor) at 14:50

3rd period

8. ARIZONA Coyotes , Roman Josi 18 (Rickard Rakell 29) at 13:28

Penalties :
Vladislav Gavrikov (ARI) for Tripping (Minor) at 15:38

Goalie Stats

Anton Forsberg (VGK), 23 saves from 28 shots - (0,821), L, 25-21-5, 60:00 minutes
Andrei Vasilevskiy (ARI), 24 saves from 27 shots - (0,889), W, 37-9-3, 60:00 minutes

Players Stats for VEGAS Golden Knights

Player Name              G  A  P  +/- PIM S  H  SB GA TA FO     MP     PP MP  PK MP  
------------------------------------------------------------------------------------
Adam Larsson             0  2  2   0  0   0  2  2  0  0  0/0    21:22   0:00   1:15 
Alex Killorn             0  0  0  -1  0   1  2  1  0  0  1/3    18:32   2:15   0:29 
Andrei Svechnikov        0  0  0  -1  0   2  0  0  0  0  0/2    18:18   2:30   0:00 
Brenden Dillon           0  0  0  -2  0   1  1  2  0  0  0/0    14:45   0:00   1:11 
Colton Sissons           0  0  0  -1  2   3  1  2  0  0  9/18   15:28   1:43   0:00 
Devin Shore              0  0  0  -1  0   0  0  0  0  0  0/0     7:59   0:00   0:52 
Evgenii Dadonov          0  0  0  -1  0   0  0  0  0  0  0/0    13:46   0:00   0:00 
Filip Chytil             0  0  0  -1  0   1  2  0  0  0  1/1    15:43   1:43   0:14 
Jared McCann             1  0  1   1  0   2  0  0  0  0  0/1    19:37   2:15   0:00 
Jordan Oesterle          0  1  1  -2  0   1  0  0  0  0  0/0    13:34   0:00   0:00 
Mikael Granlund          0  0  0  -1  0   5  0  0  0  0  8/20   18:32   1:28   1:16 
Noah Hanifin             0  0  0   0  0   4  0  3  0  0  0/0    23:36   2:30   0:44 
Noel Acciari             0  0  0  -1  0   0  1  1  0  0  5/8     7:36   0:00   0:29 
Olli Maatta              0  0  0   0  0   0  0  3  0  0  0/0    20:55   0:00   0:48 
Phil Di Giuseppe         0  0  0  -1  0   1  0  0  0  0  0/0     7:07   0:00   0:00 
Sebastian Aho            1  2  3   1  0   3  4  2  0  0  7/25   20:15   2:15   0:38 
Tomas Tatar              1  0  1   1  0   2  1  0  0  0  1/1    19:05   1:43   0:00 
Tony DeAngelo            0  0  0   0  0   1  2  3  0  0  0/0    21:50   1:28   0:00 

Players Stats for ARIZONA Coyotes

Player Name              G  A  P  +/- PIM S  H  SB GA TA FO     MP     PP MP  PK MP  
------------------------------------------------------------------------------------
Alec Martinez            0  3  3   3  0   0  0  1  0  0  0/0    18:51   0:00   2:27 
Artemi Panarin           0  0  0   0  0   0  3  0  0  0  1/1    22:29   1:00   0:00 
Auston Matthews          2  0  2   0  0   5  0  0  0  0  19/29  22:58   1:00   0:29 
Brandon Sutter           1  0  1   1  0   4  0  0  0  0  10/14  10:38   0:00   3:03 
Frederick Gaudreau       0  0  0  -1  0   3  0  2  0  0  4/13   12:52   0:00   1:46 
Jonas Siegenthaler       0  0  0   3  0   2  1  4  0  0  0/0    19:18   0:00   2:54 
Mark Scheifele           0  0  0   2  0   1  0  1  0  0  6/12   14:53   1:00   0:00 
Michael Bunting          0  0  0  -1  0   1  0  0  0  0  0/0    12:05   0:59   0:00 
Mikey Anderson           0  0  0  -1  0   0  0  0  0  0  0/0    16:14   0:00   0:00 
Nick Bonino              0  1  1   1  0   0  0  0  0  0  1/1     7:35   0:00   0:00 
Pierre-Edouard Bellemare 0  0  0   1  0   0  1  0  0  0  0/0     7:35   0:00   0:00 
Rickard Rakell           1  1  2   2  0   3  0  0  0  0  1/1    15:57   0:59   1:05 
Roman Josi               1  0  1   0  0   2  1  0  0  0  0/0    22:25   1:00   0:00 
Ryan Hartman             0  0  0  -1  0   1  3  0  0  0  0/1    12:05   0:59   0:00 
Ryan Nugent-Hopkins      0  1  1   2  2   1  1  0  0  0  4/5    16:25   1:00   1:33 
Sam Reinhart             0  1  1   0  0   1  1  0  0  0  1/2    22:28   0:59   0:00 
Scott Mayfield           0  0  0  -1  0   2  6  2  0  0  0/0    18:43   0:59   1:30 
Vladislav Gavrikov       0  1  1   0  2   2  3  0  0  0  0/0    22:29   0:00   1:05 

3 Stars

1 - Sebastian Aho (VGK)
2 - Alec Martinez (ARI)
3 - Auston Matthews (ARI)

Power Play

VEGAS Golden Knights - 0 on 2 Attempt(s) - 0,00%
ARIZONA Coyotes - 0 on 1 Attempt(s) - 0,00%

Penalty Kill

VEGAS Golden Knights - 1 on 1 Attempt(s) - 100,00% - Score 0 goal in Penalty Kill
ARIZONA Coyotes - 2 on 2 Attempt(s) - 100,00% - Score 0 goal in Penalty Kill

Team Stat

VEGAS Golden Knights - Hits : 16 - Faceoff Wins : 32 - Blocked Shots : 19 - Penalty Minutes : 2
ARIZONA Coyotes - Hits : 20 - Faceoff Wins : 47 - Blocked Shots : 10 - Penalty Minutes : 4

Official

Referees : François St-Laurent and Eric Furlatt
Linesman : Alex Blair and Caleb Apperson

Game Notes

No Game Note

Finance

Level 1 -- Attendance: 6344 (90,63%) -- Ticket Income $596,336
Level 2 -- Attendance: 5466 (91,10%) -- Ticket Income $295,164
Level 3 -- Attendance: 2477 (61,93%) -- Ticket Income $59,448
Level 4 -- Attendance: 4605 (76,75%) -- Ticket Income $64,470
Luxury Box -- Attendance: 1000 (100,00%) -- Ticket Income $154,000
Game was played at the Gila River Arena.
Total Attendance: 19892 (82,88%)
Total Ticket Income: $1,169,418
Other Income: $292,354
Total Income: $1,461,772

VEGAS Golden Knights

5 vs 5 Forward 
   Center                   Left Wing                Right Wing               Time % Phy DF OF 
 1 Sebastian Aho            Jared McCann             Tomas Tatar              36     1   2  2  
 2 Mikael Granlund          Andrei Svechnikov        Alex Killorn             30     1   2  2  
 3 Colton Sissons           Filip Chytil             Evgenii Dadonov          25     1   2  2  
 4 Noel Acciari             Phil Di Giuseppe         Devin Shore              9      1   2  2  

5 vs 5 Defense 
   Defense                  Defense                                           Time % Phy DF OF 
 1 Adam Larsson             Olli Maatta                                       40     1   2  2  
 2 Noah Hanifin             Tony DeAngelo                                     33     1   2  2  
 3 Brenden Dillon           Jordan Oesterle                                   22     1   2  2  
 4 Adam Larsson             Noah Hanifin                                      5      1   2  2  

PowerPlay Forward 
   Center                   Left Wing                Right Wing               Time % Phy DF OF 
 1 Sebastian Aho            Jared McCann             Alex Killorn             65     0   1  4  
 2 Colton Sissons           Filip Chytil             Tomas Tatar              35     0   2  3  

PowerPlay Defense
   Defense                  Defense                                           Time % Phy DF OF 
 1 Andrei Svechnikov        Noah Hanifin                                      65     0   1  4  
 2 Mikael Granlund          Tony DeAngelo                                     35     0   2  3  

Penalty Kill 4 Players Forward 
   Center                   Wing                     Time % Phy DF OF 
 1 Colton Sissons           Sebastian Aho            60     1   3  1  
 2 Noel Acciari             Alex Killorn             40     1   3  1  

Penalty Kill 4 Players Defense
   Defense                  Defense                  Time % Phy DF OF 
 1 Adam Larsson             Brenden Dillon           60     1   3  1  
 2 Noah Hanifin             Olli Maatta              40     1   3  1  

Penalty Kill - 3 Players Forward 
   Forward                                           Time % Phy DF OF 
 1 Colton Sissons                                    60     0   5  0  
 2 Sebastian Aho                                     40     0   5  0  

Penalty Kill - 3 Players Defense
   Defense                  Defense                  Time % Phy DF OF 
 1 Adam Larsson             Noah Hanifin             60     0   5  0  
 2 Brenden Dillon           Olli Maatta              40     0   5  0  

4 vs 4 Forward 
   Center                   Wing                     Time % Phy DF OF 
 1 Sebastian Aho            Alex Killorn             60     1   2  2  
 2 Mikael Granlund          Jared McCann             40     1   2  2  

4 vs 4 Defense
   Defense                  Defense                  Time % Phy DF OF 
 1 Adam Larsson             Tony DeAngelo            60     1   2  2  
 2 Noah Hanifin             Brenden Dillon           40     1   2  2  

Last Minutes Offensive
   Center                   Left Wing                Right Wing               Defense                  Defense                  
   Sebastian Aho            Jared McCann             Alex Killorn             Tony DeAngelo            Noah Hanifin             

Last Minutes Defensive
   Center                   Left Wing                Right Wing               Defense                  Defense                  
   Sebastian Aho            Colton Sissons           Alex Killorn             Adam Larsson             Noah Hanifin             

Goaltenders
Starting : Anton Forsberg           
Backup : Pyotr Kochetkov          

Extra Forwards
Normal : Jared McCann, Sebastian Aho, Alex Killorn - PP : Sebastian Aho, Mikael Granlund - PK : Colton Sissons
Extra Defensemen
Normal : Adam Larsson, Noah Hanifin, Brenden Dillon - PP : Tony DeAngelo - PK : Adam Larsson, Noah Hanifin
Penalty Shots
Sebastian Aho, Jared McCann, Andrei Svechnikov, Alex Killorn, Tomas Tatar

Scratches
Mike Reilly (Healthy)

ARIZONA Coyotes

5 vs 5 Forward 
   Center                   Left Wing                Right Wing               Time % Phy DF OF 
 1 Auston Matthews          Artemi Panarin           Sam Reinhart             52     1   1  3  
 2 Mark Scheifele           Ryan Nugent-Hopkins      Rickard Rakell           40     1   1  3  
 3 Frederick Gaudreau       Michael Bunting          Ryan Hartman             8      1   2  2  
 4 Brandon Sutter           Nick Bonino              Pierre-Edouard Bellemare 0      1   3  1  

5 vs 5 Defense 
   Defense                  Defense                                           Time % Phy DF OF 
 1 Roman Josi               Vladislav Gavrikov                                50     1   2  2  
 2 Alec Martinez            Jonas Siegenthaler                                30     1   2  2  
 3 Scott Mayfield           Mikey Anderson                                    20     1   2  2  
 4 Roman Josi               Scott Mayfield                                    0      1   2  2  

PowerPlay Forward 
   Center                   Left Wing                Right Wing               Time % Phy DF OF 
 1 Auston Matthews          Mark Scheifele           Artemi Panarin           80     0   1  4  
 2 Sam Reinhart             Rickard Rakell           Ryan Hartman             20     1   1  3  

PowerPlay Defense
   Defense                  Defense                                           Time % Phy DF OF 
 1 Roman Josi               Ryan Nugent-Hopkins                               80     0   2  3  
 2 Scott Mayfield           Michael Bunting                                   20     1   2  2  

Penalty Kill 4 Players Forward 
   Center                   Wing                     Time % Phy DF OF 
 1 Brandon Sutter           Ryan Nugent-Hopkins      70     0   4  1  
 2 Frederick Gaudreau       Nick Bonino              30     1   4  0  

Penalty Kill 4 Players Defense
   Defense                  Defense                  Time % Phy DF OF 
 1 Vladislav Gavrikov       Jonas Siegenthaler       69     1   3  1  
 2 Scott Mayfield           Alec Martinez            31     2   3  0  

Penalty Kill - 3 Players Forward 
   Forward                                           Time % Phy DF OF 
 1 Brandon Sutter                                    60     1   4  0  
 2 Frederick Gaudreau                                40     1   3  1  

Penalty Kill - 3 Players Defense
   Defense                  Defense                  Time % Phy DF OF 
 1 Scott Mayfield           Alec Martinez            60     2   3  0  
 2 Scott Mayfield           Jonas Siegenthaler       40     2   3  0  

4 vs 4 Forward 
   Center                   Wing                     Time % Phy DF OF 
 1 Auston Matthews          Artemi Panarin           60     1   2  2  
 2 Mark Scheifele           Ryan Nugent-Hopkins      40     1   2  2  

4 vs 4 Defense
   Defense                  Defense                  Time % Phy DF OF 
 1 Roman Josi               Scott Mayfield           60     1   2  2  
 2 Alec Martinez            Jonas Siegenthaler       40     1   2  2  

Last Minutes Offensive
   Center                   Left Wing                Right Wing               Defense                  Defense                  
   Auston Matthews          Artemi Panarin           Sam Reinhart             Roman Josi               Ryan Nugent-Hopkins      

Last Minutes Defensive
   Center                   Left Wing                Right Wing               Defense                  Defense                  
   Brandon Sutter           Frederick Gaudreau       Pierre-Edouard Bellemare Vladislav Gavrikov       Alec Martinez            

Goaltenders
Starting : Andrei Vasilevskiy       
Backup : Kevin Lankinen           

Extra Forwards
Normal : Michael Bunting, Artemi Panarin, Frederick Gaudreau - PP : Michael Bunting, Artemi Panarin - PK : Frederick Gaudreau
Extra Defensemen
Normal : Mikey Anderson, Vladislav Gavrikov, Alec Martinez - PP : Mikey Anderson - PK : Vladislav Gavrikov, Alec Martinez
Penalty Shots
Auston Matthews, Ryan Nugent-Hopkins, Mark Scheifele, Sam Reinhart, Rickard Rakell

Scratches
Morgan Frost (Healthy)

% Time on Ice - VEGAS Golden Knights

Lines # - Real PCT - Wanted PCT - Time Play
Normal Forward
1 - 32% - 36% - 17:22
2 - 29% - 30% - 15:48
3 - 25% - 25% - 13:46
4 - 13% - 9% - 7:07
Normal Defense
1 - 37% - 40% - 20:07
2 - 38% - 33% - 20:22
3 - 25% - 22% - 13:34
4 - 0% - 5% - 0:00
PP Forward
1 - 57% - 65% - 2:15
2 - 43% - 35% - 1:43
PP Defense
1 - 63% - 65% - 2:30
2 - 37% - 35% - 1:28
PK Forward
1 - 76% - 60% - 1:30
2 - 24% - 40% - 0:29
PK Defense
1 - 60% - 60% - 1:11
2 - 40% - 40% - 0:48
PK3 Forward
1 - 0% - 60%
2 - 0% - 40%
PK3 Defense
1 - 0% - 60%
2 - 0% - 40%
44 Forward
1 - 0% - 60%
2 - 0% - 40%
44 Defense
1 - 0% - 60%
2 - 0% - 40%
Last Minute Offensive  - 0:00
Last Minute Defensive  - 0:00
Total
Forward - 60:00
Defense - 60:00

% Time on Ice - ARIZONA Coyotes

Lines # - Real PCT - Wanted PCT - Time Play
Normal Forward
1 - 40% - 52% - 21:29
2 - 26% - 40% - 13:53
3 - 21% - 8% - 11:06
4 - 14% - 0% - 7:35
Normal Defense
1 - 40% - 50% - 21:25
2 - 30% - 30% - 16:24
3 - 30% - 20% - 16:14
4 - 0% - 0% - 0:00
PP Forward
1 - 50% - 80% - 1:00
2 - 50% - 20% - 0:59
PP Defense
1 - 50% - 80% - 1:00
2 - 50% - 20% - 0:59
PK Forward
1 - 100% - 70% - 3:58
2 - 0% - 30% - 0:00
PK Defense
1 - 73% - 69% - 2:54
2 - 27% - 31% - 1:04
PK3 Forward
1 - 0% - 60%
2 - 0% - 40%
PK3 Defense
1 - 0% - 60%
2 - 0% - 40%
44 Forward
1 - 0% - 60%
2 - 0% - 40%
44 Defense
1 - 0% - 60%
2 - 0% - 40%
Last Minute Offensive  - 0:00
Last Minute Defensive  - 0:00
Total
Forward - 60:00
Defense - 60:00

Play-by-Play

1st period


0:01 of 1st period - Auston Matthews wins face-off versus Sebastian Aho in neutral zone.
1:19 of 1st period - Rickard Rakell is hit by Tony DeAngelo and loses puck.
1:40 of 1st period - Shot by Mark Scheifele.
1:40 of 1st period - Shot Misses the Net.
1:42 of 1st period - Shot by Jonas Siegenthaler.
1:42 of 1st period - Shot Hit the Post.
2:52 of 1st period - Icing by Scott Mayfield.
2:53 of 1st period - Sebastian Aho wins face-off versus Frederick Gaudreau in ARIZONA Coyotes zone.
2:56 of 1st period - Shot by Sebastian Aho.
2:56 of 1st period - Deflect By Tomas Tatar.
2:56 of 1st period - Goal by Tomas Tatar - VEGAS Golden Knights : 1 - ARIZONA Coyotes : 0.
2:57 of 1st period - Auston Matthews wins face-off versus Noel Acciari in neutral zone.
3:28 of 1st period - Shot by Auston Matthews.
3:28 of 1st period - Shot Blocked by Noel Acciari.
4:31 of 1st period - Shot by Ryan Nugent-Hopkins.
4:31 of 1st period - Shot Misses the Net.
4:33 of 1st period - Shot by Alec Martinez.
4:33 of 1st period - Shot Misses the Net.
4:56 of 1st period - Scott Mayfield is hit by Sebastian Aho and loses puck.
5:06 of 1st period - Off-side.
5:07 of 1st period - Frederick Gaudreau wins face-off versus Colton Sissons in neutral zone.
5:07 of 1st period - Minor Penalty to Colton Sissons for Cross-checking.
5:08 of 1st period - Auston Matthews wins face-off versus Mikael Granlund in VEGAS Golden Knights zone.
5:09 of 1st period - Shot by Roman Josi.
5:09 of 1st period - Shot Misses the Net.
5:11 of 1st period - Shot by Artemi Panarin.
5:11 of 1st period - Shot Misses the Net.
5:43 of 1st period - Shot by Artemi Panarin.
5:43 of 1st period - Shot Blocked by Noah Hanifin.
5:45 of 1st period - Shot by Ryan Nugent-Hopkins.
5:45 of 1st period - Shot Misses the Net.
5:55 of 1st period - Shot by Ryan Hartman.
5:55 of 1st period - Shot Blocked by Sebastian Aho.
5:57 of 1st period - Shot by Michael Bunting.
5:57 of 1st period - Shot Blocked by Olli Maatta.
5:59 of 1st period - Shot by Scott Mayfield.
5:59 of 1st period - Stopped by Anton Forsberg without a rebound.
6:00 of 1st period - Noel Acciari wins face-off versus Sam Reinhart in VEGAS Golden Knights zone.
6:00 of 1st period - Noel Acciari is hit by Ryan Hartman.
7:21 of 1st period - Brandon Sutter is hit by Brenden Dillon and loses puck.
7:28 of 1st period - Shot by Brandon Sutter.
7:28 of 1st period - Goal by Brandon Sutter - VEGAS Golden Knights : 1 - ARIZONA Coyotes : 1.
7:29 of 1st period - Noel Acciari wins face-off versus Auston Matthews in neutral zone.
7:29 of 1st period - Noel Acciari is hit by Artemi Panarin.
7:38 of 1st period - Shot by Auston Matthews.
7:38 of 1st period - Stopped by Anton Forsberg without a rebound.
7:39 of 1st period - Brandon Sutter wins face-off versus Noel Acciari in VEGAS Golden Knights zone.
8:01 of 1st period - Phil Di Giuseppe is hit by Roman Josi and loses puck.
8:13 of 1st period - Noel Acciari is hit by Vladislav Gavrikov and loses puck.
8:41 of 1st period - Icing by Mikael Granlund.
8:42 of 1st period - Mark Scheifele wins face-off versus Mikael Granlund in VEGAS Golden Knights zone.
9:17 of 1st period - Shot by Alex Killorn.
9:17 of 1st period - Shot Blocked by Scott Mayfield.
9:52 of 1st period - Shot by Sam Reinhart.
9:52 of 1st period - Shot Misses the Net.
10:24 of 1st period - Shot by Sam Reinhart.
10:24 of 1st period - Shot Misses the Net.
10:26 of 1st period - Shot by Auston Matthews.
10:26 of 1st period - Goal by Auston Matthews - VEGAS Golden Knights : 1 - ARIZONA Coyotes : 2.
10:27 of 1st period - Colton Sissons wins face-off versus Ryan Hartman in neutral zone.
10:30 of 1st period - Michael Bunting is hit by Filip Chytil and loses puck.
11:23 of 1st period - Shot by Brandon Sutter.
11:23 of 1st period - Stopped by Anton Forsberg without a rebound.
11:24 of 1st period - Mikael Granlund wins face-off versus Auston Matthews in VEGAS Golden Knights zone.
11:31 of 1st period - Shot by Auston Matthews.
11:31 of 1st period - Shot Misses the Net.
11:36 of 1st period - Icing by Adam Larsson.
11:37 of 1st period - Alex Killorn wins face-off versus Mark Scheifele in VEGAS Golden Knights zone.
12:45 of 1st period - Off-side.
12:46 of 1st period - Sebastian Aho wins face-off versus Frederick Gaudreau in neutral zone.
12:54 of 1st period - Sebastian Aho is hit by Scott Mayfield and loses puck.
13:11 of 1st period - Shot by Tomas Tatar.
13:11 of 1st period - Shot Blocked by Scott Mayfield.
13:13 of 1st period - Shot by Tomas Tatar.
13:13 of 1st period - Shot Misses the Net.
13:15 of 1st period - Shot by Jordan Oesterle.
13:15 of 1st period - Stopped by Andrei Vasilevskiy without a rebound.
13:16 of 1st period - Sam Reinhart wins face-off versus Colton Sissons in ARIZONA Coyotes zone.
13:51 of 1st period - Filip Chytil is hit by Sam Reinhart and loses puck.
14:24 of 1st period - Shot by Sebastian Aho.
14:24 of 1st period - Shot Misses the Net.
14:26 of 1st period - Shot by Jared McCann.
14:26 of 1st period - Goal by Jared McCann - VEGAS Golden Knights : 2 - ARIZONA Coyotes : 2.
14:27 of 1st period - Ryan Nugent-Hopkins wins face-off versus Mikael Granlund in neutral zone.
14:46 of 1st period - Icing by Jonas Siegenthaler.
14:47 of 1st period - Mark Scheifele wins face-off versus Sebastian Aho in ARIZONA Coyotes zone.
15:09 of 1st period - Icing by Brenden Dillon.
15:10 of 1st period - Frederick Gaudreau wins face-off versus Sebastian Aho in VEGAS Golden Knights zone.
15:45 of 1st period - Shot by Mikey Anderson.
15:45 of 1st period - Shot Hit the Post.
16:03 of 1st period - Jared McCann is hit by Vladislav Gavrikov and loses puck.
16:30 of 1st period - Shot by Filip Chytil.
16:30 of 1st period - Shot Misses the Net.
16:32 of 1st period - Shot by Colton Sissons.
16:32 of 1st period - Stopped by Andrei Vasilevskiy without a rebound.
16:33 of 1st period - Mark Scheifele wins face-off versus Mikael Granlund in ARIZONA Coyotes zone.
16:33 of 1st period - Mark Scheifele is hit by Alex Killorn.
16:45 of 1st period - Shot by Rickard Rakell.
16:45 of 1st period - Goal by Rickard Rakell - VEGAS Golden Knights : 2 - ARIZONA Coyotes : 3.
16:46 of 1st period - Filip Chytil wins face-off versus Brandon Sutter in neutral zone.
18:10 of 1st period - Icing by Adam Larsson.
18:11 of 1st period - Auston Matthews wins face-off versus Alex Killorn in VEGAS Golden Knights zone.
18:12 of 1st period - Shot by Artemi Panarin.
18:12 of 1st period - Shot Misses the Net.
18:17 of 1st period - Alex Killorn is hit by Artemi Panarin.
18:19 of 1st period - Shot by Mikael Granlund.
18:19 of 1st period - Stopped by Andrei Vasilevskiy without a rebound.
18:20 of 1st period - Auston Matthews wins face-off versus Sebastian Aho in ARIZONA Coyotes zone.
18:59 of 1st period - Shot by Roman Josi.
18:59 of 1st period - Stopped by Anton Forsberg without a rebound.
19:00 of 1st period - Mark Scheifele wins face-off versus Mikael Granlund in VEGAS Golden Knights zone.
19:05 of 1st period - Shot by Rickard Rakell.
19:05 of 1st period - Shot Blocked by Olli Maatta.
19:20 of 1st period - Alex Killorn is hit by Scott Mayfield and loses puck.
19:27 of 1st period - Shot by Andrei Svechnikov.
19:27 of 1st period - Shot Misses the Net.
19:29 of 1st period - Shot by Mikael Granlund.
19:29 of 1st period - Stopped by Andrei Vasilevskiy without a rebound.
19:30 of 1st period - Colton Sissons wins face-off versus Frederick Gaudreau in ARIZONA Coyotes zone.
19:53 of 1st period - Shot by Michael Bunting.
19:53 of 1st period - Shot Misses the Net.
19:55 of 1st period - Shot by Frederick Gaudreau.
19:55 of 1st period - Shot Misses the Net.
Goals for this period are 2 for VEGAS Golden Knights vs 3 for ARIZONA Coyotes.
Shots for this period are 6 for VEGAS Golden Knights vs 7 for ARIZONA Coyotes.

2nd period


0:01 of 2nd period - Auston Matthews wins face-off versus Sebastian Aho in neutral zone.
0:44 of 2nd period - Shot by Sam Reinhart.
0:44 of 2nd period - Shot Misses the Net.
0:49 of 2nd period - Tomas Tatar is hit by Vladislav Gavrikov.
0:58 of 2nd period - Icing by Roman Josi.
0:59 of 2nd period - Mikael Granlund wins face-off versus Auston Matthews in ARIZONA Coyotes zone.
1:02 of 2nd period - Shot by Tony DeAngelo.
1:02 of 2nd period - Shot Misses the Net.
1:04 of 2nd period - Shot by Noah Hanifin.
1:04 of 2nd period - Shot Misses the Net.
1:06 of 2nd period - Shot by Tony DeAngelo.
1:06 of 2nd period - Stopped by Andrei Vasilevskiy without a rebound.
1:07 of 2nd period - Mikael Granlund wins face-off versus Mark Scheifele in ARIZONA Coyotes zone.
1:34 of 2nd period - Shot by Rickard Rakell.
1:34 of 2nd period - Stopped by Anton Forsberg without a rebound.
1:35 of 2nd period - Colton Sissons wins face-off versus Frederick Gaudreau in VEGAS Golden Knights zone.
1:54 of 2nd period - Shot by Evgenii Dadonov.
1:54 of 2nd period - Shot Misses the Net.
2:37 of 2nd period - Shot by Sebastian Aho.
2:37 of 2nd period - Goal by Sebastian Aho - VEGAS Golden Knights : 3 - ARIZONA Coyotes : 3.
2:38 of 2nd period - Artemi Panarin wins face-off versus Alex Killorn in neutral zone.
2:48 of 2nd period - Icing by Noah Hanifin.
2:49 of 2nd period - Rickard Rakell wins face-off versus Mikael Granlund in VEGAS Golden Knights zone.
3:58 of 2nd period - Shot by Artemi Panarin.
3:58 of 2nd period - Shot Blocked by Adam Larsson.
4:02 of 2nd period - Shot by Auston Matthews.
4:02 of 2nd period - Shot Misses the Net.
4:04 of 2nd period - Shot by Alec Martinez.
4:04 of 2nd period - Shot Misses the Net.
4:06 of 2nd period - Shot by Sam Reinhart.
4:06 of 2nd period - Shot Blocked by Adam Larsson.
4:45 of 2nd period - Evgenii Dadonov is hit by Scott Mayfield and loses puck.
5:44 of 2nd period - Icing by Devin Shore.
5:45 of 2nd period - Noel Acciari wins face-off versus Mark Scheifele in VEGAS Golden Knights zone.
6:02 of 2nd period - Shot by Noah Hanifin.
6:02 of 2nd period - Stopped by Andrei Vasilevskiy without a rebound.
6:03 of 2nd period - Sebastian Aho wins face-off versus Auston Matthews in ARIZONA Coyotes zone.
6:07 of 2nd period - Icing by Roman Josi.
6:08 of 2nd period - Auston Matthews wins face-off versus Sebastian Aho in ARIZONA Coyotes zone.
6:37 of 2nd period - Shot by Auston Matthews.
6:37 of 2nd period - Shot Misses the Net.
6:39 of 2nd period - Shot by Auston Matthews.
6:39 of 2nd period - Goal by Auston Matthews - VEGAS Golden Knights : 3 - ARIZONA Coyotes : 4.
6:40 of 2nd period - Ryan Nugent-Hopkins wins face-off versus Andrei Svechnikov in neutral zone.
6:52 of 2nd period - Ryan Nugent-Hopkins is hit by Tony DeAngelo and loses puck.
6:56 of 2nd period - Icing by Tony DeAngelo.
6:57 of 2nd period - Mikael Granlund wins face-off versus Frederick Gaudreau in VEGAS Golden Knights zone.
7:20 of 2nd period - Shot by Ryan Hartman.
7:20 of 2nd period - Stopped by Anton Forsberg with a rebound.
8:06 of 2nd period - Icing by Adam Larsson.
8:07 of 2nd period - Auston Matthews wins face-off versus Sebastian Aho in VEGAS Golden Knights zone.
9:37 of 2nd period - Shot by Ryan Nugent-Hopkins.
9:37 of 2nd period - Stopped by Anton Forsberg with a rebound.
9:39 of 2nd period - Shot by Jonas Siegenthaler.
9:39 of 2nd period - Shot Blocked by Brenden Dillon.
9:59 of 2nd period - Noah Hanifin is hit by Ryan Nugent-Hopkins and loses puck.
10:22 of 2nd period - Shot by Nick Bonino.
10:22 of 2nd period - Shot Blocked by Noah Hanifin.
10:24 of 2nd period - Shot by Brandon Sutter.
10:24 of 2nd period - Stopped by Anton Forsberg without a rebound.
10:25 of 2nd period - Frederick Gaudreau wins face-off versus Sebastian Aho in VEGAS Golden Knights zone.
10:26 of 2nd period - Shot by Michael Bunting.
10:26 of 2nd period - Stopped by Anton Forsberg without a rebound.
10:27 of 2nd period - Brandon Sutter wins face-off versus Sebastian Aho in VEGAS Golden Knights zone.
10:58 of 2nd period - Shot by Brandon Sutter.
10:58 of 2nd period - Stopped by Anton Forsberg without a rebound.
10:59 of 2nd period - Auston Matthews wins face-off versus Mikael Granlund in VEGAS Golden Knights zone.
11:07 of 2nd period - Off-side.
11:08 of 2nd period - Colton Sissons wins face-off versus Auston Matthews in neutral zone.
11:10 of 2nd period - Noah Hanifin is hit by Artemi Panarin and loses puck.
11:25 of 2nd period - Roman Josi is hit by Colton Sissons and loses puck.
12:28 of 2nd period - Shot by Sebastian Aho.
12:28 of 2nd period - Stopped by Andrei Vasilevskiy without a rebound.
12:29 of 2nd period - Mikael Granlund wins face-off versus Frederick Gaudreau in ARIZONA Coyotes zone.
13:04 of 2nd period - Andrei Svechnikov is hit by Ryan Hartman and loses puck.
13:10 of 2nd period - Alex Killorn is hit by Scott Mayfield and loses puck.
13:43 of 2nd period - Shot by Rickard Rakell.
13:43 of 2nd period - Shot Misses the Net.
13:45 of 2nd period - Shot by Jonas Siegenthaler.
13:45 of 2nd period - Stopped by Anton Forsberg without a rebound.
13:46 of 2nd period - Auston Matthews wins face-off versus Jared McCann in VEGAS Golden Knights zone.
14:05 of 2nd period - Icing by Auston Matthews.
14:06 of 2nd period - Auston Matthews wins face-off versus Colton Sissons in ARIZONA Coyotes zone.
14:19 of 2nd period - Shot by Auston Matthews.
14:19 of 2nd period - Stopped by Anton Forsberg without a rebound.
14:20 of 2nd period - Ryan Nugent-Hopkins wins face-off versus Sebastian Aho in VEGAS Golden Knights zone.
14:23 of 2nd period - Shot by Mark Scheifele.
14:23 of 2nd period - Shot Blocked by Tony DeAngelo.
14:50 of 2nd period - Minor Penalty to Ryan Nugent-Hopkins for Cross-checking.
14:51 of 2nd period - Brandon Sutter wins face-off versus Colton Sissons in ARIZONA Coyotes zone.
15:02 of 2nd period - Shot by Noah Hanifin.
15:02 of 2nd period - Stopped by Andrei Vasilevskiy with a rebound.
15:05 of 2nd period - Filip Chytil is hit by Jonas Siegenthaler and loses puck.
15:08 of 2nd period - Shot by Filip Chytil.
15:08 of 2nd period - Shot Misses the Net.
15:10 of 2nd period - Shot by Noah Hanifin.
15:10 of 2nd period - Shot Blocked by Frederick Gaudreau.
15:12 of 2nd period - Shot by Andrei Svechnikov.
15:12 of 2nd period - Shot Blocked by Frederick Gaudreau.
15:14 of 2nd period - Shot by Tomas Tatar.
15:14 of 2nd period - Shot Blocked by Jonas Siegenthaler.
15:16 of 2nd period - Shot by Noah Hanifin.
15:16 of 2nd period - Shot Blocked by Jonas Siegenthaler.
15:18 of 2nd period - Shot by Colton Sissons.
15:18 of 2nd period - Deflect By Tomas Tatar.
15:18 of 2nd period - Shot Misses the Net.
15:20 of 2nd period - Shot by Colton Sissons.
15:20 of 2nd period - Shot Blocked by Jonas Siegenthaler.
15:22 of 2nd period - Shot by Andrei Svechnikov.
15:22 of 2nd period - Stopped by Andrei Vasilevskiy without a rebound.
15:23 of 2nd period - Brandon Sutter wins face-off versus Sebastian Aho in ARIZONA Coyotes zone.
15:29 of 2nd period - Icing by Alex Killorn.
15:30 of 2nd period - Brandon Sutter wins face-off versus Sebastian Aho in VEGAS Golden Knights zone.
15:39 of 2nd period - Shot by Frederick Gaudreau.
15:39 of 2nd period - Stopped by Anton Forsberg without a rebound.
15:40 of 2nd period - Brandon Sutter wins face-off versus Sebastian Aho in VEGAS Golden Knights zone.
16:02 of 2nd period - Shot by Noah Hanifin.
16:02 of 2nd period - Shot Misses the Net.
16:05 of 2nd period - Alex Killorn is hit by Scott Mayfield and loses puck.
16:12 of 2nd period - Shot by Noah Hanifin.
16:12 of 2nd period - Shot Misses the Net.
16:14 of 2nd period - Shot by Sebastian Aho.
16:14 of 2nd period - Stopped by Andrei Vasilevskiy without a rebound.
16:15 of 2nd period - Colton Sissons wins face-off versus Auston Matthews in ARIZONA Coyotes zone.
17:25 of 2nd period - Sam Reinhart is hit by Adam Larsson.
17:48 of 2nd period - Shot by Ryan Hartman.
17:48 of 2nd period - Shot Blocked by Olli Maatta.
17:50 of 2nd period - Shot by Alec Martinez.
17:50 of 2nd period - Shot Misses the Net.
18:04 of 2nd period - Alec Martinez is hit by Noel Acciari and loses puck.
18:27 of 2nd period - Shot by Rickard Rakell.
18:27 of 2nd period - Deflect By Mark Scheifele.
18:27 of 2nd period - Shot Misses the Net.
18:29 of 2nd period - Shot by Mikey Anderson.
18:29 of 2nd period - Shot Misses the Net.
18:37 of 2nd period - Shot by Mark Scheifele.
18:37 of 2nd period - Deflect By Ryan Nugent-Hopkins.
18:37 of 2nd period - Shot Misses the Net.
18:43 of 2nd period - Shot by Ryan Nugent-Hopkins.
18:43 of 2nd period - Shot Misses the Net.
18:45 of 2nd period - Shot by Mark Scheifele.
18:45 of 2nd period - Stopped by Anton Forsberg without a rebound.
18:46 of 2nd period - Brandon Sutter wins face-off versus Sebastian Aho in VEGAS Golden Knights zone.
19:03 of 2nd period - Shot by Sebastian Aho.
19:03 of 2nd period - Shot Misses the Net.
19:42 of 2nd period - Icing by Auston Matthews.
19:43 of 2nd period - Mikael Granlund wins face-off versus Auston Matthews in ARIZONA Coyotes zone.
19:46 of 2nd period - Shot by Alex Killorn.
19:46 of 2nd period - Deflect By Andrei Svechnikov.
19:46 of 2nd period - Stopped by Andrei Vasilevskiy without a rebound.
19:47 of 2nd period - Auston Matthews wins face-off versus Andrei Svechnikov in ARIZONA Coyotes zone.
19:58 of 2nd period - Shot by Sam Reinhart.
19:58 of 2nd period - Deflect By Auston Matthews.
19:58 of 2nd period - Shot Misses the Net.
Goals for this period are 1 for VEGAS Golden Knights vs 1 for ARIZONA Coyotes.
Shots for this period are 8 for VEGAS Golden Knights vs 11 for ARIZONA Coyotes.

3rd period


0:01 of 3rd period - Auston Matthews wins face-off versus Mikael Granlund in neutral zone.
0:31 of 3rd period - Shot by Artemi Panarin.
0:31 of 3rd period - Shot Misses the Net.
0:33 of 3rd period - Shot by Auston Matthews.
0:33 of 3rd period - Stopped by Anton Forsberg with a rebound.
0:35 of 3rd period - Shot by Vladislav Gavrikov.
0:35 of 3rd period - Stopped by Anton Forsberg without a rebound.
0:36 of 3rd period - Colton Sissons wins face-off versus Mark Scheifele in VEGAS Golden Knights zone.
0:51 of 3rd period - Shot by Filip Chytil.
0:51 of 3rd period - Deflect By Evgenii Dadonov.
0:51 of 3rd period - Shot Blocked by Mark Scheifele.
0:53 of 3rd period - Shot by Colton Sissons.
0:53 of 3rd period - Stopped by Andrei Vasilevskiy without a rebound.
0:54 of 3rd period - Sebastian Aho wins face-off versus Frederick Gaudreau in ARIZONA Coyotes zone.
1:04 of 3rd period - Tomas Tatar is hit by Scott Mayfield.
1:48 of 3rd period - Shot by Filip Chytil.
1:48 of 3rd period - Stopped by Andrei Vasilevskiy without a rebound.
1:49 of 3rd period - Mikael Granlund wins face-off versus Auston Matthews in ARIZONA Coyotes zone.
3:00 of 3rd period - Icing by Ryan Nugent-Hopkins.
3:01 of 3rd period - Ryan Nugent-Hopkins wins face-off versus Colton Sissons in ARIZONA Coyotes zone.
3:01 of 3rd period - Ryan Nugent-Hopkins is hit by Filip Chytil.
3:20 of 3rd period - Icing by Noah Hanifin.
3:21 of 3rd period - Colton Sissons wins face-off versus Brandon Sutter in VEGAS Golden Knights zone.
3:51 of 3rd period - Shot by Nick Bonino.
3:51 of 3rd period - Shot Blocked by Tony DeAngelo.
4:37 of 3rd period - Shot by Sam Reinhart.
4:37 of 3rd period - Stopped by Anton Forsberg with a rebound.
4:39 of 3rd period - Shot by Vladislav Gavrikov.
4:39 of 3rd period - Stopped by Anton Forsberg without a rebound.
4:40 of 3rd period - Mark Scheifele wins face-off versus Mikael Granlund in VEGAS Golden Knights zone.
4:45 of 3rd period - Shot by Ryan Nugent-Hopkins.
4:45 of 3rd period - Shot Misses the Net.
4:47 of 3rd period - Shot by Ryan Nugent-Hopkins.
4:47 of 3rd period - Shot Blocked by Alex Killorn.
4:49 of 3rd period - Shot by Jonas Siegenthaler.
4:49 of 3rd period - Shot Misses the Net.
4:51 of 3rd period - Shot by Jonas Siegenthaler.
4:51 of 3rd period - Shot Misses the Net.
4:53 of 3rd period - Shot by Rickard Rakell.
4:53 of 3rd period - Stopped by Anton Forsberg without a rebound.
4:54 of 3rd period - Sebastian Aho wins face-off versus Frederick Gaudreau in VEGAS Golden Knights zone.
4:59 of 3rd period - Jared McCann is hit by Ryan Hartman and loses puck.
5:12 of 3rd period - Shot by Tomas Tatar.
5:12 of 3rd period - Stopped by Andrei Vasilevskiy with a rebound.
5:34 of 3rd period - Shot by Jared McCann.
5:34 of 3rd period - Stopped by Andrei Vasilevskiy with a rebound.
7:15 of 3rd period - Shot by Ryan Nugent-Hopkins.
7:15 of 3rd period - Shot Blocked by Colton Sissons.
7:17 of 3rd period - Shot by Ryan Nugent-Hopkins.
7:17 of 3rd period - Shot Blocked by Colton Sissons.
7:29 of 3rd period - Shot by Filip Chytil.
7:29 of 3rd period - Shot Misses the Net.
7:46 of 3rd period - Icing by Noah Hanifin.
7:47 of 3rd period - Nick Bonino wins face-off versus Colton Sissons in VEGAS Golden Knights zone.
8:06 of 3rd period - Shot by Brandon Sutter.
8:06 of 3rd period - Shot Misses the Net.
8:19 of 3rd period - Tony DeAngelo is hit by Pierre-Edouard Bellemare and loses puck.
8:35 of 3rd period - Icing by Noah Hanifin.
8:36 of 3rd period - Auston Matthews wins face-off versus Colton Sissons in VEGAS Golden Knights zone.
10:10 of 3rd period - Shot by Ryan Nugent-Hopkins.
10:10 of 3rd period - Shot Blocked by Tony DeAngelo.
10:23 of 3rd period - Off-side.
10:24 of 3rd period - Sebastian Aho wins face-off versus Frederick Gaudreau in neutral zone.
10:27 of 3rd period - Ryan Hartman is hit by Tomas Tatar and loses puck.
10:42 of 3rd period - Shot by Frederick Gaudreau.
10:42 of 3rd period - Stopped by Anton Forsberg without a rebound.
10:43 of 3rd period - Auston Matthews wins face-off versus Mikael Granlund in VEGAS Golden Knights zone.
11:06 of 3rd period - Shot by Alex Killorn.
11:06 of 3rd period - Stopped by Andrei Vasilevskiy with a rebound.
11:08 of 3rd period - Shot by Mikael Granlund.
11:08 of 3rd period - Stopped by Andrei Vasilevskiy with a rebound.
11:27 of 3rd period - Icing by Alec Martinez.
11:28 of 3rd period - Auston Matthews wins face-off versus Sebastian Aho in ARIZONA Coyotes zone.
12:22 of 3rd period - Shot by Phil Di Giuseppe.
12:22 of 3rd period - Stopped by Andrei Vasilevskiy with a rebound.
12:24 of 3rd period - Shot by Devin Shore.
12:24 of 3rd period - Shot Misses the Net.
12:42 of 3rd period - Shot by Brenden Dillon.
12:42 of 3rd period - Stopped by Andrei Vasilevskiy without a rebound.
12:43 of 3rd period - Mark Scheifele wins face-off versus Mikael Granlund in ARIZONA Coyotes zone.
13:28 of 3rd period - Shot by Roman Josi.
13:28 of 3rd period - Goal by Roman Josi - VEGAS Golden Knights : 3 - ARIZONA Coyotes : 5.
13:29 of 3rd period - Frederick Gaudreau wins face-off versus Sebastian Aho in neutral zone.
13:44 of 3rd period - Shot by Frederick Gaudreau.
13:44 of 3rd period - Stopped by Anton Forsberg with a rebound.
13:46 of 3rd period - Shot by Scott Mayfield.
13:46 of 3rd period - Shot Blocked by Brenden Dillon.
13:48 of 3rd period - Shot by Scott Mayfield.
13:48 of 3rd period - Stopped by Anton Forsberg without a rebound.
13:49 of 3rd period - Brandon Sutter wins face-off versus Noel Acciari in VEGAS Golden Knights zone.
14:06 of 3rd period - Shot by Nick Bonino.
14:06 of 3rd period - Shot Blocked by Noah Hanifin.
14:26 of 3rd period - Shot by Noel Acciari.
14:26 of 3rd period - Shot Misses the Net.
14:54 of 3rd period - Shot by Ryan Nugent-Hopkins.
14:54 of 3rd period - Shot Misses the Net.
14:57 of 3rd period - Icing by Noah Hanifin.
14:58 of 3rd period - Noel Acciari wins face-off versus Auston Matthews in VEGAS Golden Knights zone.
15:12 of 3rd period - Auston Matthews is hit by Adam Larsson and loses puck.
15:19 of 3rd period - Shot by Sam Reinhart.
15:19 of 3rd period - Shot Misses the Net.
15:21 of 3rd period - Shot by Jonas Siegenthaler.
15:21 of 3rd period - Shot Misses the Net.
15:23 of 3rd period - Shot by Auston Matthews.
15:23 of 3rd period - Shot Blocked by Sebastian Aho.
15:25 of 3rd period - Shot by Jonas Siegenthaler.
15:25 of 3rd period - Stopped by Anton Forsberg without a rebound.
15:26 of 3rd period - Mikael Granlund wins face-off versus Mark Scheifele in VEGAS Golden Knights zone.
15:38 of 3rd period - Minor Penalty to Vladislav Gavrikov for Tripping.
15:39 of 3rd period - Sebastian Aho wins face-off versus Ryan Nugent-Hopkins in ARIZONA Coyotes zone.
16:00 of 3rd period - Brandon Sutter is hit by Sebastian Aho and loses puck.
16:05 of 3rd period - Shot by Noah Hanifin.
16:05 of 3rd period - Stopped by Andrei Vasilevskiy without a rebound.
16:06 of 3rd period - Colton Sissons wins face-off versus Brandon Sutter in ARIZONA Coyotes zone.
16:07 of 3rd period - Shot by Tony DeAngelo.
16:07 of 3rd period - Shot Blocked by Jonas Siegenthaler.
16:09 of 3rd period - Shot by Mikael Granlund.
16:09 of 3rd period - Stopped by Andrei Vasilevskiy without a rebound.
16:10 of 3rd period - Colton Sissons wins face-off versus Brandon Sutter in ARIZONA Coyotes zone.
16:37 of 3rd period - Shot by Mikael Granlund.
16:37 of 3rd period - Stopped by Andrei Vasilevskiy without a rebound.
16:38 of 3rd period - Brandon Sutter wins face-off versus Sebastian Aho in ARIZONA Coyotes zone.
16:38 of 3rd period - Brandon Sutter is hit by Sebastian Aho.
16:52 of 3rd period - Shot by Noah Hanifin.
16:52 of 3rd period - Stopped by Andrei Vasilevskiy without a rebound.
16:53 of 3rd period - Brandon Sutter wins face-off versus Sebastian Aho in ARIZONA Coyotes zone.
16:53 of 3rd period - Brandon Sutter is hit by Sebastian Aho.
17:27 of 3rd period - Shot by Noah Hanifin.
17:27 of 3rd period - Shot Misses the Net.
17:29 of 3rd period - Shot by Alex Killorn.
17:29 of 3rd period - Shot Blocked by Alec Martinez.
17:42 of 3rd period - Off-side.
17:43 of 3rd period - Auston Matthews wins face-off versus Colton Sissons in neutral zone.
17:45 of 3rd period - Off-side.
17:46 of 3rd period - Auston Matthews wins face-off versus Colton Sissons in neutral zone.
17:59 of 3rd period - Shot by Colton Sissons.
17:59 of 3rd period - Stopped by Andrei Vasilevskiy without a rebound.
18:00 of 3rd period - Noel Acciari wins face-off versus Mark Scheifele in ARIZONA Coyotes zone.
18:05 of 3rd period - Shot by Noel Acciari.
18:05 of 3rd period - Shot Misses the Net.
18:14 of 3rd period - Off-side.
18:15 of 3rd period - Tomas Tatar wins face-off versus Auston Matthews in neutral zone.
18:20 of 3rd period - Shot by Sebastian Aho.
18:20 of 3rd period - Shot Misses the Net.
18:57 of 3rd period - Icing by Mikey Anderson.
18:58 of 3rd period - Auston Matthews wins face-off versus Mikael Granlund in ARIZONA Coyotes zone.
18:58 of 3rd period - Auston Matthews is hit by Alex Killorn.
19:08 of 3rd period - Shot by Auston Matthews.
19:08 of 3rd period - Shot Misses the Net.
Goals for this period are 0 for VEGAS Golden Knights vs 1 for ARIZONA Coyotes.
Shots for this period are 13 for VEGAS Golden Knights vs 10 for ARIZONA Coyotes. Output by the SimonT Hockey Simulator (STHS) for Martin Benoit - Original Page W3C HTML5 Valid
Hockey Simulator - Hockey Simulation - Hockey Manager